 Dungeon Crawl Stone Soup version 0.29.1-12-g30fa7ad0bf (webtiles) character file.

Game seed: 2670998438745222132

2424 MisterFreud the Cruncher (level 9, -9/68 HPs)
             Began as a Formicid Gladiator on Jan 16, 2023.
             Killed from afar by a steam dragon (20 damage)
             ... with a ball of steam
             ... on level 7 of the Dungeon.
             The game lasted 00:06:51 (7752 turns).

MisterFreud the Cruncher (Formicid Gladiator)       Turns: 7752, Time: 00:06:52

Health: -9/68      AC: 16    Str: 20    XL:     9   Next: 76%
Magic:  3/3        EV:  7    Int:  9    God:
Gold:   117        SH:  0    Dex: 17    Spells: 8/8 levels left

rFire   . . .      SeeInvis +   B - +6 bardiche of Bread {antimagic, Drain rElec rCorr}
rCold   . . .      Faith    .   (no shield)
rNeg    . . .      Spirit   .   C - +0 plate armour
rPois   .          Reflect  .   (helmet unavailable)
rElec   +          Harm     .   q - +0 cloak
rCorr   +          Rampage  .   f - +1 pair of gloves
Will    +....                   (no boots)
Stlth   ..........              (no amulet)
HPRegen 0.21/turn               v - ring of willpower
MPRegen 0.08/turn               (no ring)

@: lethally poisoned (-9 -> -13)
A: permanent stasis, dig shafts and tunnels, antennae 3, four strong arms
a: Dig, Shaft Self


You were on level 7 of the Dungeon.
You visited 2 branches of the dungeon, and saw 8 of its levels.

You collected 467 gold pieces.
You spent 350 gold pieces at shops.

Inventory:

Hand Weapons
 a - a +1 quarterstaff of freezing
 p - a +2 quarterstaff of chaos
 B - the +6 bardiche of Bread (weapon) {antimagic, Drain rElec rCorr}
   (You bought it in a shop on level 5 of the Dungeon)

   It reduces the magical energy of the wielder, and disrupts the spells and
   magical abilities of those it strikes.
   Natural abilities and divine invocations are not affected.
   rElec:     It insulates you from electricity.
   rCorr:     It protects you from acid and corrosion.
   Drain:     It drains your maximum health when unequipped.
Missiles
 c - 3 throwing nets (quivered)
 d - a javelin
 i - 22 boomerangs
 k - 12 poisoned darts
 A - 5 atropa-tipped darts
Armour
 b - a +0 leather armour
 f - a +1 pair of gloves (worn)
 q - a +0 cloak (worn)
 C - a +0 plate armour (worn)
Jewellery
 j - a +6 ring of intelligence
 v - a ring of willpower (left hand)
 z - a +6 ring of intelligence
Wands
 r - a wand of iceblast (8)
Scrolls
 g - 3 scrolls of identify
 s - 3 scrolls of poison {unknown}
 u - a scroll of amnesia
 w - 2 scrolls of fog
 y - a scroll of enchant weapon
Potions
 e - 2 potions of might {unknown}
 h - a potion of invisibility {unknown}
 l - 2 potions of lignification
 m - 4 potions of curing {unknown}
 n - a potion of heal wounds {unknown}
 o - a potion of attraction {unknown}
 t - 2 potions of brilliance {unknown}
 x - a potion of cancellation {unknown}


   Skills:
 - Level 5.0 Fighting
 * Level 6.3(8.5) Polearms
 - Level 8.8(9.7) Staves
 - Level 2.0 Throwing
 + Level 5.7 Armour
 - Level 2.6 Dodging


You had 8 spell levels left.
You didn't know any spells.
Your spell library contained the following spells:

 Spells                   Type           Power      Damage    Failure   Level
 Beastly Appendage        Tmut           0%         N/A       100%        1
 Wereblood                Tmut           0%         N/A       100%        2
 Spider Form              Tmut/Pois      0%         N/A       100%        3


Dungeon Overview and Level Annotations

Branches:
Dungeon (7/15)             Temple (1/1) D:5

Altars:
Ashenzari
Cheibriados
Elyvilon
Fedhas
Gozag
Hepliaklqana
Kikubaaqudgha
Nemelex Xobeh
Okawaru
Qazlal
Ru
Sif Muna
Trog
Uskayaw
Vehumet
Wu Jian
Xom
Zin
The Shining One

Shops:
D:5 (   D:6 :   D:7 =

Annotations:
D:4 2 runed translucent doors, Poussin's ghost, novice PaBe


Innate Abilities, Weirdness & Mutations

You cannot be hasted, slowed, berserked, paralysed or teleported.
You can dig through walls and to a lower floor.
You have a pair of large antennae on your head. (SInv)
Your four strong arms can wield two-handed weapons with a shield.


Message History

The steam dragon bites you but does no damage.
The steam dragon completely misses you.
The water moccasin bites you but does no damage.
Unknown command.
You slash the water moccasin!
The water moccasin is moderately wounded.
The water moccasin bites you.
You are poisoned.
The water moccasin poisons you! The steam dragon bites you!
The steam dragon claws you.
The water moccasin bites you but does no damage.
The steam dragon bites you.
The steam dragon claws you but does no damage.
You miss the water moccasin.
The water moccasin is moderately wounded.
You feel very sick. The water moccasin closely misses you.
The water moccasin bites you but does no damage.
The steam dragon bites you but does no damage.
The steam dragon claws you but does no damage.
You are too injured to fight recklessly!
Unknown command.
You are too injured to fight recklessly!
Unknown command.
You closely miss the water moccasin.
The water moccasin is moderately wounded.
You feel sick. The water moccasin barely misses you.
The steam dragon bites you.
The steam dragon claws you but does no damage.
The water moccasin bites you but does no damage.
The steam dragon breathes steam at you. The ball of steam hits you!
* * * LOW HITPOINT WARNING * * *
The water moccasin bites you but does no damage.
You slice the water moccasin!!
You kill the water moccasin!
You feel sick. The steam dragon breathes steam at you.
The ball of steam hits you!!
You die...

..# #.......#.# #.## #...
.## ##....####.#
###..#####... .# #...###
#.####.....#...... .#
#..## ##..........#####.
.# ##.## #......#..## #.
#.####..#### #.....#..##
##
#..........######...###..#
#
##.............§.§.###..##
# ##...######....@§..#...#
#. #..## ###.§§D......# #.
#..# ##.....[.... ..
###.####### ...........
.## ...........
)........... .#
.....###### ##...........
.#...# ##.........# ####.#
######...# ## .#


You could see a steam dragon (catching breath).

Vanquished Creatures
  Sigmund (D:3)
  Eustachio (D:4)
  A steam dragon (D:7)
  2 water moccasins (D:7)
  An orc warrior (D:6)
  An ice beast (D:6)
  4 ogres
  2 phantoms (D:6)
  5 scorpions
  2 necrophages
  A gnoll bouda (D:5)
  3 hounds
  2 orc priests
  Crazy Yiuf (D:2)
  3 jellies
  Ijyb (D:3)
  4 iguanas
  6 orc wizards
  4 adders
  5 gnolls (D:5)
  A shadow imp (D:4)
  2 white imps
  2 ufetubi
  A worm (D:2)
  2 dart slugs
  26 orcs
  4 endoplasms
  4 giant cockroaches
  6 goblins
  14 hobgoblins
  6 jackals
  5 kobolds
  5 quokkas
  10 ball pythons
  6 bats
  2 frilled lizards
  6 rats
152 creatures vanquished.

Vanquished Creatures (others)
  A human (D:6)
  An orc (D:3)
2 creatures vanquished.

Grand Total: 154 creatures vanquished

Notes
Turn   | Place    | Note
-------+----------+-------------------------------------------
     0 | D:1      | MisterFreud the Formicid Gladiator began the quest for the
                  | Orb.
     0 | D:1      | Reached XP level 1. HP: 16/16 MP: 1/1
   216 | D:1      | Reached XP level 2. HP: 9/22 MP: 2/2
   632 | D:1      | Reached skill level 4 in Staves
   632 | D:1      | Reached XP level 3. HP: 18/27 MP: 3/3
   994 | D:1      | Found a faded altar of an unknown god.
  1232 | D:2      | Found a radiant altar of Vehumet.
  1497 | D:2      | Reached XP level 4. HP: 31/33 MP: 4/4
  1551 | D:2      | Found a runed translucent door.
  1552 | D:2      | Noticed Crazy Yiuf
  1749 | D:2      | Killed Crazy Yiuf
  1750 | D:2      | Reached skill level 5 in Staves
  1964 | D:3      | Noticed Ijyb
  1974 | D:3      | Killed Ijyb
  1975 | D:3      | Reached XP level 5. HP: 28/38 MP: 5/5
  2238 | D:3      | Reached skill level 6 in Staves
  2238 | D:3      | Reached skill level 1 in Armour
  2238 | D:3      | Reached XP level 6. HP: 46/46 MP: 6/6
  2803 | D:3      | Noticed Sigmund
  2814 | D:3      | Killed Sigmund
  2815 | D:3      | Reached XP level 7. HP: 34/54 MP: 7/7
  3059 | D:4      | You fall into a shaft and drop 3 floors!
  3197 | D:7      | Found Kobredi's Jewellery Boutique.
  3250 | D:5      | Entered Level 5 of the Dungeon
  3256 | D:5      | Found a staircase to the Ecumenical Temple.
  3263 | Temple   | Entered the Ecumenical Temple
  3650 | D:4      | Found a large runed translucent door.
  3650 | D:4      | Found a large runed translucent door.
  3652 | D:4      | Noticed Poussin's ghost (novice PaBe)
  3757 | D:4      | Noticed Eustachio
  3828 | D:4      | Killed Eustachio
  3829 | D:4      | Reached skill level 5 in Fighting
  3829 | D:4      | Reached skill level 5 in Armour
  3829 | D:4      | Reached XP level 8. HP: 28/62 MP: 8/8
  4876 | D:5      | Reached skill level 7 in Staves
  5171 | D:5      | Reached skill level 8 in Staves
  5374 | D:5      | Identified the +8 war axe of Temperance {antimagic, rElec
                  | rPois Will+++ Int-3}
  5424 | D:5      | Found an iron altar of Okawaru.
  5607 | D:5      | Found Fopip's Antique Weapon Shoppe.
  5614 | D:5      | Bought a crystal bardiche for 350 gold pieces
  5614 | D:5      | Identified the +6 bardiche of Bread {antimagic, Drain rElec
                  | rCorr} (You bought it in a shop on level 5 of the Dungeon)
  5699 | D:6      | Found an ancient bone altar of Kikubaaqudgha.
  5708 | D:6      | Noticed a human
  5709 | D:6      | Killed a human
  5750 | D:6      | Reached skill level 1 in Polearms
  5750 | D:6      | Reached XP level 9. HP: 68/68 MP: 3/9
  6150 | D:6      | Reached skill level 5 in Polearms
  6550 | D:6      | Found a glowing silver altar of Zin.
  6656 | D:6      | Found Mafris's Book Emporium.
  7752 | D:7      | Killed from afar by a steam dragon

Illustrated notes

Levels and vault maps discovered:
D:1:      dpeg_arrival_concentric_ovals, layout_basic, basic_ecumenical_altar
D:2:      layout_basic, basic_altar, uniq_crazy_yiuf_cottage
D:3:      layout_rooms, saegor_snake_ambush, uniq_sigmund, uniq_ijyb
D:4:      layout_loops_corners, chequers_ossuary_entry_cave,
          ebering_ghost_disaster_area, kennysheep_pointless_box, uniq_eustachio
D:5:      layout_basic, nicolae_overflow_crystal_walls,
          minmay_temple_entry_from_below_a, serial_shops, shop,
          supply_closet_lemuel
D:6:      layout_cave_pods, mainiacjoe_overflow_alcove_4, tgw_kikubaaqudgha,
          serial_shops, nicolae_shop_temple_entry_statues_fountains
D:7:      layout_layer_cave, serial_shops, shop_fountains
Temple:   eino_temple_scatter_basement

Skill      XL: |  1  2  3  4  5  6  7  8  9 |
---------------+----------------------------+-----
Staves         | 4 5 6 8 |  8.8
Armour         | 1 3 5 |  5.7
Fighting       | 4 5 |  5.0
Polearms       | 1 6 |  6.3
Throwing       | |  2.0
Dodging        | |  2.6

Action                   |  1- 3 |  4- 6 |  7- 9 || total
-------------------------+-------+-------+-------++-------
Melee: Quarterstaff      |    99 |    80 |   184 ||   363
       Punch             |     1 |     1 |     1 ||     3
       Bardiche          |       |       |    73 ||    73
  Use: Scroll            |     5 |       |     1 ||     6
 Stab: Sleeping          |       |     2 |       ||     2
Armor: Leather armour    |    39 |    23 |   109 ||   171
       Plate armour      |       |       |    34 ||    34
Dodge: Dodged            |    69 |    62 |   169 ||   300
